 Dungeon Crawl Stone Soup version 0.28.0-45-g0d030f2227 (webtiles) character file.

Game seed: 3509972919556498155

7 Descartes the Charlatan (level 2, 0/15 HPs)
             Began as an Octopode Wanderer on Apr 13, 2022.
             Slain by a quokka (2 damage)
             ... on level 2 of the Dungeon.
             The game lasted 00:01:57 (1104 turns).

Descartes the Charlatan (Octopode Wanderer)         Turns: 1104, Time: 00:01:57

Health: 0/15       AC:  1    Str: 15    XL:     2   Next: 4%
Magic:  2/2        EV: 13    Int: 13    God:
Gold:   25         SH:  0    Dex: 14    Spells: 1/1 levels left

rFire   . . .      SeeInvis .   a - +0 quarterstaff
rCold   + . .      Faith    .   (shield currently unavailable)
rNeg    . . .      Spirit   .   c - +0 hat
rPois   .          Reflect  .   (no amulet)
rElec   .          Harm     .   d - ring of protection from cold
rCorr   .          Rampage  .   e - +6 ring of strength
Will    .....                   (no ring)
Stlth   ++++......              (no ring)
HPRegen 0.05/turn               (no ring)
MPRegen 0.08/turn               (no ring)
                                (no ring)
                                (no ring)

@: no status effects
A: reduced essence, almost no armour, amphibious, 8 rings, camouflage 1,
gelatinous body 1, (nimble swimmer 1), tentacles
a: no special abilities


You were on level 2 of the Dungeon.
You visited 1 branch of the dungeon, and saw 2 of its levels.

You collected 25 gold pieces.

Inventory:

Hand Weapons
 a - a +0 quarterstaff (weapon)
Armour
 c - a +0 hat (worn)
Jewellery
 d - a ring of protection from cold (left tentacle)
 e - a +6 ring of strength (right tentacle)
Wands
 b - a wand of paralysis (10) (quivered)
Scrolls
 f - 5 scrolls of identify {unknown}
 h - a scroll of brand weapon {unknown}
 i - a scroll of blinking {unknown}
 k - a scroll of fog {unknown}
 l - a scroll of enchant armour {unknown}
Potions
 g - a potion of brilliance {unknown}
 j - a potion of haste {unknown}


   Skills:
 + Level 1.2 Staves
 + Level 2.1 Dodging
 + Level 4.2 Stealth
 + Level 0.3 Spellcasting
 + Level 4.4 Evocations


You had one spell level left.
You didn't know any spells.
Your spell library was empty.

Dungeon Overview and Level Annotations

Branches:
Dungeon (2/15)

Altars:
Hepliaklqana


Innate Abilities, Weirdness & Mutations

Your life essence is reduced to manifest your ancestor. (-10% HP)
You cannot wear most types of armour.
You are amphibious.
You can wear up to eight rings at the same time.
Your skin changes colour to match your surroundings (Stealth+).
Your rubbery body absorbs attacks. (AC +1, EV +1)
((You are camouflaged when in or above water. (Stealth+)))
You have tentacles for arms and can constrict up to eight enemies at once.


Message History

You sock the dart slug! You grab the dart slug.
The dart slug is almost dead.
You constrict the dart slug. The dart slug closely misses you.
You hit the dart slug but do no damage.
The dart slug is almost dead.
You constrict the dart slug.
You kill the dart slug!
No target in view!
No target in view!
No target in view!
No target in view!
No target in view!
No target in view!
No target in view!
HP restored.
You see here a dart slug corpse.
A kobold comes into view. It is wielding a +0 club.
A hobgoblin comes into view.
A jackal comes into view. 2 jackals, a ball python and a worm come into view.
A quokka comes into view.
The jackal barks!
The kobold shouts!
The jackal barks! x2
The hobgoblin shouts!
The ball python hisses angrily.
You hit the jackal.
You kill the jackal!
The jackal completely misses you. The kobold hits you with a +0 club.
A dart slug comes into view.
The jackal bites you but does no damage.
The kobold hits you with a +0 club. The jackal bites you. The jackal bites you.
* * * LOW HITPOINT WARNING * * *
The jackal bites you but does no damage.
The jackal bites you.
* * * LOW HITPOINT WARNING * * *
The jackal barely misses you.
The kobold throws a stone.
The stone completely misses you. The jackal bites you.
* * * LOW HITPOINT WARNING * * *
The quokka bites you.
You die...

#####..........# #
#.<....<.......# #
###....<.....# #
#.<........÷.######
#...........÷........
###..#.###########.....#
#...##. #....>#
.......##### #.....#
.......@h..#######.....#
........r..#...........#
.#........h..#####.....#
#.........S#....##.#####
#..................#
..#...#.###Kg...####
#...###..###.†..# .##
##..##....# ###..#.####


You could see a quokka, 2 jackals, a hobgoblin, a ball python and a kobold.

Vanquished Creatures
  A dart slug (D:2)
  A ball python (D:1)
  2 endoplasms (D:1)
  3 giant cockroaches (D:1)
  5 hobgoblins
  A jackal (D:2)
  A quokka (D:1)
  A bat (D:1)
  A frilled lizard (D:2)
  A goblin (D:1)
  A kobold (D:1)
  3 rats (D:1)
21 creatures vanquished.

Notes
Turn   | Place    | Note
-------+----------+-------------------------------------------
     0 | D:1      | Descartes the Octopode Wanderer began the quest for the
                  | Orb.
     0 | D:1      | Descartes set off with the following items: a +0
                  | quarterstaff, a wand of paralysis (10), a +0 hat
     0 | D:1      | Reached XP level 1. HP: 11/11 MP: 1/1
   267 | D:1      | Found a faded altar of an unknown god.
   276 | D:1      | Prayed at the altar of an unknown god.
   276 | D:1      | Became a worshipper of Hepliaklqana the Forgotten
   276 | D:1      | Reached * piety under Hepliaklqana
   291 | D:1      | Reached XP level 2. HP: 15/15 MP: 2/2
   315 | D:1      | Fell from the grace of Hepliaklqana
  1104 | D:2      | Slain by a quokka

Illustrated notes

Levels and vault maps discovered:
D:1:      minmay_arrival_nine_rooms, layout_basic,
          ebering_ecumenical_altar_petrified
D:2:      layout_rooms, chequers_decorated_corner

Action                   || total
-------------------------++-------
Melee: Quarterstaff      ||    31
       Tentacles         ||     4
       Constrict         ||     5
Invok: Renounce Religion ||     1
 Stab: Sleeping          ||    10
Armor: Skin              ||     4
Dodge: Dodged            ||    18
